Map: Automaton LE

Players

Smileblind - Winner!

  • Race: Protoss Protoss
  • League: Silver
  • Spawn Location: 3:00

VOD

Have the link to the VOD?

Description

Time

  • Played on: Feb. 7, 2019, 12:42 a.m.
  • Length: 34:03
Show
View Real Time Build Order
Export as new Build Order

Smileblind Protoss - Winner!

Build Orders:  

Get SALT Encoding   

  12  0:04  Probe (Chrono Boost)  
  14  0:21  Probe (Chrono Boost)  
  14  0:30  Pylon  
  14  0:38  Probe (Chrono Boost)  
  15  0:52  Probe (Chrono Boost)  
  16  1:03  Probe (Chrono Boost)  
  17  1:17  Gateway, Probe (Chrono Boost)  
  18  1:24  Assimilator  
  18  1:34  Probe (Chrono Boost)  
  19  1:40  Assimilator  
  19  1:47  Probe (Chrono Boost)  
  20  1:58  Probe (Chrono Boost)  
  21  2:11  Probe (Chrono Boost), Pylon  
  22  2:26  Cybernetics Core  
  22  2:28  Probe (Chrono Boost)  
  23  2:36  Zealot  
  26  2:51  Probe (Chrono Boost)  
  26  3:03  Gateway  
  26  3:08  Probe (Chrono Boost)  
  27  3:24  Probe (Chrono Boost)  
  27  3:26  Stalker  
  30  3:37  Pylon  
  31  3:41  Probe (Chrono Boost)  
  31  3:52  Nexus  
  31  4:08  Sentry  
  33  4:16  Gateway  
  33  4:24  Twilight Council  
  37  4:55  Probe (Chrono Boost)  
  37  4:57  Assimilator  
  38  5:12  Probe (Chrono Boost)  
  38  5:13  Assimilator  
  39  5:25  Unknown  
  39  5:26  Unknown, Pylon  
  39  5:34  Probe (Chrono Boost)  
  39  5:38  Robotics Facility, Probe (Chrono Boost)  
  41  5:45  Warp Gate  
  41  5:49  Probe (Chrono Boost)  
  42  6:10  Templar Archives  
  42  6:18  Stalker x2  
  46  6:23  Charge  
  46  6:28  Probe (Chrono Boost)  
  47  6:41  Probe (Chrono Boost)  
  48  6:53  Probe (Chrono Boost)  
  48  6:54  Observer  
  50  7:05  Shield Battery, Probe (Chrono Boost)  
  53  7:17  High Templar  
  55  7:22  Probe (Chrono Boost)  
  55  7:23  High Templar  
  55  7:29  Archon  
  58  7:39  Probe (Chrono Boost)  
  59  7:42  Unknown  
  59  7:46  Pylon  
  59  8:05  High Templar  
  61  8:11  Immortal  
  61  8:15  High Templar  
  67  8:21  Archon  
  67  8:26  Zealot  
  69  8:35  Probe (Chrono Boost)  
  69  8:36  Pylon  
  69  8:39  Pylon  
  70  9:00  Probe (Chrono Boost)  
  70  9:03  Nexus  
  70  9:04  Zealot x2  
  70  9:07  Pylon  
  70  9:09  Pylon  
  75  9:12  High Templar  
  75  9:13  Blink, Pylon  
  75  9:17  Probe (Chrono Boost)  
  78  9:33  High Templar x2, Probe (Chrono Boost)  
  78  9:39  Archon  
  83  9:48  Immortal  
  83  9:49  Gateway  
  84  9:50  Probe (Chrono Boost)  
  84  9:52  Gateway  
  84  9:54  Gateway  
  88  10:04  Sentry  
  90  10:17  Stargate  
  90  10:25  Probe (Chrono Boost)  
  91  10:36  Immortal  
  91  10:41  Forge  
  91  10:42  Probe (Chrono Boost)  
  91  10:46  Probe (Chrono Boost)  
  91  10:47  Forge  
  97  10:52  Protoss Ground Weapons Level 1  
  97  10:58  Probe (Chrono Boost)  
  97  11:04  Stalker  
  97  11:07  Protoss Ground Armor Level 1  
  97  11:08  Stalker  
  102  11:10  Probe (Chrono Boost)  
  103  11:22  Probe (Chrono Boost)  
  104  11:33  Probe (Chrono Boost)  
  105  11:44  Void Ray  
  105  11:47  Probe (Chrono Boost)  
  105  11:48  Pylon  
  106  11:51  Pylon  
  106  11:58  Assimilator  
  110  12:04  Assimilator, Probe (Chrono Boost)  
  111  12:18  Fleet Beacon  
  112  12:21  High Templar, Probe (Chrono Boost)  
  112  12:22  High Templar  
  112  12:27  Archon  
  116  12:38  Probe (Chrono Boost)  
  117  12:40  High Templar  
  117  12:49  Archon  
  78  12:50  Immortal  
  119  12:55  Probe (Chrono Boost)  
  124  13:05  Void Ray  
  128  13:15  Protoss Ground Weapons Level 2  
  128  13:28  Probe (Chrono Boost)  
  128  13:39  Probe (Chrono Boost)  
  129  13:42  Stargate  
  130  13:52  Probe (Chrono Boost)  
  131  14:09  Probe (Chrono Boost)  
  120  14:24  Carrier  
  100  14:43  High Templar  
  100  14:44  High Templar x3  
  108  14:51  Carrier  
  111  15:16  Archon  
  111  15:17  Archon  
  111  15:22  Protoss Shields Level 1  
  117  15:54  Carrier  
  123  16:36  Nexus  
  123  16:39  Pylon  
  131  16:42  Pylon  
  131  16:45  Pylon  
  131  16:50  Pylon  
  131  16:51  Immortal, Tempest  
  131  16:53  Pylon  
  140  17:08  Zealot x2  
  140  17:09  Zealot x3  
  150  17:20  Pylon  
  150  17:23  Pylon  
  150  17:26  Probe x2 (Chrono Boost)  
  152  17:30  Carrier  
  152  17:31  Carrier  
  152  17:39  Dark Shrine  
  152  17:43  Probe x2 (Chrono Boost)  
  152  17:46  Immortal  
  152  17:48  Gateway  
  152  17:49  Gateway  
  158  17:52  Gateway, Protoss Air Weapons Level 1  
  158  17:58  Gateway  
  160  18:00  Gateway, Probe x2 (Chrono Boost)  
  160  18:04  Gateway  
  160  18:06  Gateway  
  172  18:10  Assimilator  
  172  18:14  High Templar  
  172  18:17  Probe x2 (Chrono Boost)  
  172  18:18  Assimilator  
  176  18:21  High Templar  
  178  18:30  Archon  
  178  18:34  Probe x2 (Chrono Boost)  
  180  18:43  Shield Battery  
  180  18:48  Shield Battery  
  180  18:52  Shield Battery  
  180  18:57  Shield Battery  
  180  18:59  Photon Cannon  
  180  19:01  Photon Cannon  
  180  19:05  Photon Cannon, Unknown  
  180  19:06  Photon Cannon  
  180  19:07  Probe (Chrono Boost)  
  181  19:14  Zealot  
  181  19:15  Zealot x3  
  181  19:16  Zealot x4  
  197  19:24  Probe (Chrono Boost)  
  197  19:25  Protoss Ground Weapons Level 3  
  199  19:41  Probe (Chrono Boost)  
  199  19:43  Carrier  
  199  19:44  Carrier  
  199  19:45  Protoss Ground Armor Level 2  
  199  19:58  Probe (Chrono Boost)  
  140  21:41  Carrier x2  
  109  22:47  Dark Templar x2  
  109  22:48  Dark Templar x2  
  111  23:11  Carrier x2  
  123  24:00  Immortal  
  123  24:08  Zealot  
  123  24:09  Zealot x3  
  135  24:11  Nexus  
  135  24:12  Pylon  
  135  24:13  Pylon x2  
  135  24:16  Pylon  
  135  24:26  Assimilator  
  135  24:32  Assimilator  
  135  24:41  Carrier x2  
  135  24:55  Immortal  
  130  25:25  Dark Templar  
  130  25:26  Dark Templar x4  
  130  25:27  Dark Templar x2  
  134  25:41  Unknown  
  134  25:45  Dark Templar x2  
  138  25:50  Immortal  
  142  26:11  Carrier x2  
  142  26:16  Probe (Chrono Boost)  
  143  26:28  Probe (Chrono Boost)  
  143  26:35  Protoss Air Weapons Level 2  
  144  26:41  Probe (Chrono Boost)  
  157  26:57  Immortal  
  157  26:58  Probe (Chrono Boost)  
  162  27:03  Nexus  
  162  27:05  Assimilator  
  162  27:06  Protoss Ground Armor Level 3  
  162  27:07  Pylon x3  
  162  27:08  Assimilator  
  162  27:11  Pylon  
  162  27:14  Stalker  
  162  27:15  Stalker x2, Probe (Chrono Boost)  
  170  27:32  Probe (Chrono Boost)  
  170  27:41  Carrier x2  
  170  27:47  Stalker x2  
  170  27:48  Stalker x2  
  178  27:50  Stalker  
  178  27:52  Immortal  
  182  29:11  Carrier x2  
Tags
 
League
Silver
Matchup
Co-op
Add a new tag
Caveats
  • Supply blocks, unpowered buildings, or Contaminate may cause inaccurate times.
  • Supply counts are checked every 10 seconds.